[Event "*** Titled Tuesday Blitz"]
[Site "Chess.com"]
[Date "2020.05.05"]
[Round "2"]
[White "semchik73"]
[Black "SmirnovTimofey2000"]
[Result "0-1"]
[WhiteElo "2205"]
[BlackElo "2533"]
[TimeControl "180+1"]
[EndTime "10:17:01 PDT"]
[Termination "SmirnovTimofey2000 won by resignation"]

1. Nf3 d5 2. c4 d4 3. e3 Nc6 4. b4 dxe3 5. fxe3 Nxb4 6. d4 e6 7. a3 Nc6 8. Bd3 Nf6 9. O-O Bd6 10. e4 Nxd4 11. Bb2 Nxf3+ 12. Qxf3 e5 13. Nc3 O-O 14. Nd5 Ne8 15. Qg3 c6 16. Ne3 Be6 17. Rad1 f6 18.
Kh1 Qb6 19. Ba1 Bxa3 20. Nf5 Bc5 21. Bxe5 Bxf5 22. Rxf5 fxe5 23. Rdf1 Rxf5 24. Rxf5 Qc7 25. Be2 Bd4 26. Bh5 Nd6 27. Rg5 Nxe4 28. Qg4 Nf2+ 0-1

[Event "*** Titled Tuesday Blitz"]
[Site "Chess.com"]
[Date "2020.05.05"]
[Round "2"]
[White "Kate1606"]
[Black "BocharovD"]
[Result "0-1"]
[WhiteElo "2107"]
[BlackElo "2882"]
[TimeControl "180+1"]
[EndTime "10:17:01 PDT"]
[Termination "BocharovD won by checkmate"]

1. e4 c5 2. Nc3 d6 3. f4 g6 4. Nf3 Bg7 5. Bb5+ Bd7 6. Bc4 Nc6 7. O-O Na5 8. Bb3 Nxb3 9. axb3 Nf6 10. e5 dxe5 11. fxe5 Ng4 12. Qe2 Bc6 13. e6 f5 14.
Ng5 O-O 15. d3 h6 16. Nf7 Qd4+ 17. Kh1 Rxf7 18. exf7+ Kxf7 19. h3 Nf6 20. Be3 Qd6 21. Bf4 Qd7 22. Rfe1 Re8 23. Rxa7 e5 24. Be3 f4 25.
Bxc5 Qxh3+ 26. Kg1 Qh4 27. Ne4 Ng4 28. Nd6+ Kg8 29.
Qd2 Qh2+ 30. Kf1 Rf8 31. Ne4 f3 32. gxf3 Rxf3+ 33. Bf2 Nxf2 34. Nxf2 Qh1+ 35. Ke2 Rxf2+ 36. Kxf2 Qg2+ 37. Ke3 Qf3# 0-1

[Event "*** Titled Tuesday Blitz"]
[Site "Chess.com"]
[Date "2020.05.05"]
[Round "2"]
[White "Kaua18"]
[Black "korbul"]
[Result "0-1"]
[WhiteElo "2295"]
[BlackElo "2565"]
[TimeControl "180+1"]
[EndTime "10:17:01 PDT"]
[Termination "korbul won on time"]

1. e4 c5 2. Nf3 e6 3. d4 cxd4 4.
Nxd4 a6 5. Bd3 Qc7 6. O-O Nf6 7. Nc3 Nc6 8. Nxc6 bxc6 9. f4 h5 10. h3 Bc5+ 11. Kh1 Ng4 12. Qf3 d5 13. e5 a5 14.
Bd2 a4 15. Rae1 g6 16. a3 Nh6 17. Na2 Nf5 18. Bb4 Qb6 19. c3 h4 20. Bxf5 gxf5 21. Bxc5 Qxc5 22. Nb4 Qb6 23. Rd1 Bb7 24. Nd3 c5 25. Qf2 Rc8 26. Rd2 Ke7 27. Rfd1 d4 28. cxd4 cxd4 29. Ne1 Qb3 30. Rxd4 Qxh3+ 31. Kg1 Qb3 32.
Rd7+ Kf8 33. Rd8+ Kg7 34. R8d3 Qc4 35. Rd7 Bd5 36. Nd3 Qe4 37. Rd2 h3 38. Qg3+ Kf8 39.
gxh3 Rg8 40. Qxg8+ Kxg8 41. Kf2 Kf8 0-1

[Event "*** Titled Tuesday Blitz"]
[Site "Chess.com"]
[Date "2020.05.05"]
[Round "2"]
[White "Lion-Al-Messi"]
[Black "IMinTheWings"]
[Result "1-0"]
[WhiteElo "2416"]
[BlackElo "2173"]
[TimeControl "180+1"]
[EndTime "10:17:01 PDT"]
[Termination "Lion-Al-Messi won by checkmate"]

1. d4 Nf6 2. Nf3 e6 3. Nc3 c5 4. d5 Bd6 5. e4 Bc7 6. d6 Ba5 7.
e5 Ne4 8. Bd3 Nxc3 9. bxc3 Bxc3+ 10. Bd2 Bxa1 11. Qxa1 Nc6 12. O-O a6 13. c4 Rb8 14. a4 b5 15. axb5 axb5 16. cxb5 Nb4 17. Bc4 Bb7 18. Qc3 f6 19. Bf4 g5 20. Be3 g4 21. Nd2 Nd5 22. Bxd5 Bxd5 23. exf6 Rxb5 24. Qe5 h5 25. Qg5 e5 26. Qxe5+ Be6 27. Ne4 Kf8 28. Qg5 Rh7 29. Qg6 Bg8 30. Bh6+ Rxh6 31. Qxh6+ Ke8 32. Ng5 c4 33. Re1+ Be6 34. Qh8# 1-0

[Event "*** Titled Tuesday Blitz"]
[Site "Chess.com"]
[Date "2020.05.05"]
[Round "2"]
[White "Zq1"]
[Black "DFeco"]
[Result "1-0"]
[WhiteElo "2542"]
[BlackElo "2209"]
[TimeControl "180+1"]
[EndTime "10:17:05 PDT"]
[Termination "Zq1 won by resignation"]

1. d4 d5 2. c4 dxc4 3. e4 e5 4. Nf3 exd4 5. Qxd4 Qxd4 6. Nxd4 Bc5 7. Be3 Nf6 8. Nc3 O-O 9. Bxc4 Ng4 10. Nd5 Nxe3 11.
fxe3 Na6 12. Ke2 c6 13. Nc3 Nc7 14. Rad1 Bxd4 15. Rxd4 b5 16. Bb3 c5 17. Rd6 c4 18.
Bc2 b4 19. Nd5 Nb5 20. Rc6 Bg4+ 21. Kf2 c3 22. bxc3 bxc3 23. a4 Na3 24. Bd3 c2 25. Rc3 Nb1 26. Rxc2 Rab8 27. Rcc1 Na3 28. Rc3 Rb2+ 29. Kg3 f5 30. exf5 Bxf5 31. Bxf5 Rxf5 32.
Ne7+ 1-0

[Event "*** Titled Tuesday Blitz"]
[Site "Chess.com"]
[Date "2020.05.05"]
[Round "2"]
[White "Nara_Kh"]
[Black "Grootneus"]
[Result "1-0"]
[WhiteElo "2417"]
[BlackElo "2179"]
[TimeControl "180+1"]
[EndTime "10:17:06 PDT"]
[Termination "Nara_Kh won by resignation"]

1. e4 c5 2. Nf3 e6 3. d4 cxd4 4.
Nxd4 a6 5. Bd3 Nf6 6. O-O d6 7. Qe2 g6 8. c4 Bg7 9. Nc3 O-O 10. Be3 Qc7 11. Rad1 Nbd7 12. f3 Ne5 13. Rc1 b6 14.
b3 Bb7 15. Rfd1 Rfc8 16. Bb1 Nfd7 17. f4 Nc6 18. Nf3 Nc5 19. Qd2 Rd8 20. Nd4 Ne7 21. h4 h5 22. Nf3 Rac8 23. Ng5 b5 24. cxb5 Qb8 25. Bd4 e5 26. Be3 exf4 27. Bd4 Bxd4+ 28. Qxd4 Ne6 29. Qf6 axb5 30. Qxf7+ 1-0

[Event "*** Titled Tuesday Blitz"]
[Site "Chess.com"]
[Date "2020.05.05"]
[Round "2"]
[White "Safar_From_Afar"]
[Black "enriquetejedor"]
[Result "1-0"]
[WhiteElo "2286"]
[BlackElo "2476"]
[TimeControl "180+1"]
[EndTime "10:17:07 PDT"]
[Termination "Safar_From_Afar won by resignation"]

1. e4 c5 2. Nc3 g6 3. d4 cxd4 4. Qxd4 Nf6 5. Nf3 Nc6 6. Qa4 d6 7. e5 dxe5 8. Nxe5 Bd7 9. Nxd7 Qxd7 10. Be3 Bg7 11. Rd1 Qc8 12. Be2 O-O 13. O-O a6 14. Qb3 b5 15. a4 b4 16. Nd5 Nxd5 17. Rxd5 Qc7 18. Rc5 Qb7 19. Bf3 Rac8 20. Rd1 Rc7 21. Qc4 Rfc8 22. Bg4 e6 23. Bf3 Na5 24. Bxb7 Nxc4 25.
Bxc8 Nxe3 26. Rd8+ Bf8 1-0

[Event "*** Titled Tuesday Blitz"]
[Site "Chess.com"]
[Date "2020.05.05"]
[Round "2"]
[White "northridgehawk"]
[Black "SaySpade4VIP"]
[Result "0-1"]
[WhiteElo "2268"]
[BlackElo "2617"]
[TimeControl "180+1"]
[EndTime "10:17:08 PDT"]
[Termination "SaySpade4VIP won on time"]

1. e4 c6 2. d4 d5 3. e5 c5 4. dxc5 Nc6 5. a3 e6 6. b4 a5 7. c3 axb4 8. cxb4 Nxb4 9. Bb5+ Nc6 10. Ne2 Bxc5 11. O-O Ne7 12. Ng3 O-O 13. Re1 Qb6 14. Bd3 Bxf2+ 15. Kh1 Bxe1 16. Qxe1 Qd4 17. Qd2 Qxa1 18.
Bb2 Qa2 19. Nc3 Qb3 20. Nce2 Ng6 21. Nh5 Ncxe5 22. Bxe5 Nxe5 23. Qg5 Ng6 24. Nhf4 Nxf4 0-1

[Event "*** Titled Tuesday Blitz"]
[Site "Chess.com"]
[Date "2020.05.05"]
[Round "2"]
[White "Kingsman132"]
[Black "szefru"]
[Result "0-1"]
[WhiteElo "2363"]
[BlackElo "2104"]
[TimeControl "180+1"]
[EndTime "10:17:08 PDT"]
[Termination "szefru won on time"]

1. d4 Nf6 2. c4 g6 3. Nc3 Bg7 4. e4 d6 5. h3 O-O 6. Nf3 e5 7.
d5 Ne8 8. Be3 f5 9. Bd3 f4 10. Bd2 Nd7 11. Bc2 Kh8 12. Qe2 a6 13. O-O-O b5 14. cxb5 axb5 15. Qxb5 Nc5 16. Rhe1 Bd7 17.
Qe2 Qb8 18. Qc4 Qb7 19. Kb1 Nf6 0-1

[Event "*** Titled Tuesday Blitz"]
[Site "Chess.com"]
[Date "2020.05.05"]
[Round "2"]
[White "Bossche-CM"]
[Black "AwesomeMango"]
[Result "1-0"]
[WhiteElo "2457"]
[BlackElo "2218"]
[TimeControl "180+1"]
[EndTime "10:17:09 PDT"]
[Termination "Bossche-CM won by resignation"]

1. e4 c5 2. b3 e6 3. Bb2 d5 4. exd5 exd5 5. Bb5+ Bd7 6. Qe2+ Qe7 7. Bxd7+ Nxd7 8.
d4 Ngf6 9. dxc5 Qxe2+ 10. Nxe2 Bxc5 11. Nbc3 O-O 12. f3 Rfe8 13. O-O-O Nb6 14. Ng3 Rac8 15. Nf5 g6 16. Ng3 Be3+ 17. Kb1 a6 18. Nb5 Re6 19.
Nd4 Ree8 20. Ndf5 Nfd7 21. Nd6 Nc5 22. Nxe8 Rxe8 23. Rhe1 f5 24. Bd4 1-0

[Event "*** Titled Tuesday Blitz"]
[Site "Chess.com"]
[Date "2020.05.05"]
[Round "2"]
[White "Sanyura"]
[Black "MihailNik"]
[Result "0-1"]
[WhiteElo "2491"]
[BlackElo "2720"]
[TimeControl "180+1"]
[EndTime "10:17:11 PDT"]
[Termination "MihailNik won by resignation"]

1. e4 e6 2. d4 d5 3. Nc3 dxe4 4. Nxe4 Nd7 5. Bd3 Ngf6 6. Bg5 Be7 7. Qe2 h6 8. Bxf6 Nxf6 9. O-O-O O-O 10. Nxf6+ Bxf6 11. Qe4 g6 12. c3 Qd5 13. Qxd5 exd5 14. Nf3 Be6 15.
Rde1 Kg7 16. Kc2 b6 17. Ne5 Rfe8 18. Bb5 Rec8 19. Bc6 Rab8 20. Re2 Rd8 21. Rhe1 Rd6 22. Ba4 c5 23. Kb1 c4 24. Bc2 Bc8 25. f3 b5 26.
a3 a5 27. Ng4 Bd8 28. Re8 Bd7 29. R8e2 b4 30. axb4 axb4 31. cxb4 Rxb4 32. Ne5 Bc8 33.
Kc1 Bg5+ 34. Kb1 Rdb6 35. b3 cxb3 36. Bd3 b2 37. g3 Bc1 38. Bc2 Ra6 39. Bf5 0-1

[Event "*** Titled Tuesday Blitz"]
[Site "Chess.com"]
[Date "2020.05.05"]
[Round "2"]
[White "grunbergmihai"]
[Black "Gromes7"]
[Result "1-0"]
[WhiteElo "2386"]
[BlackElo "2099"]
[TimeControl "180+1"]
[EndTime "10:17:12 PDT"]
[Termination "grunbergmihai won by resignation"]

1. Nf3 Nf6 2. d4 g6 3. g3 Bg7 4. Bg2 O-O 5. O-O d6 6. c4 c5 7. dxc5 dxc5 8. Be3 Qc7 9. Nc3 a6 10. Bf4 Qd8 11. Ne5 Nh5 12. Na4 Nxf4 13. gxf4 Qc7 14.
Qd5 Nd7 15. Nxd7 Bxd7 16. Nxc5 Bc6 17. Qg5 Bxg2 18. Kxg2 b6 19. Nd3 Qxc4 20. Qg3 Rac8 21. Rfc1 Qb5 22. Qf3 Rc4 23. Rxc4 Qxc4 24. Rc1 Qxa2 25.
Rc7 e6 26. Qb7 b5 27. Rc6 Bxb2 28. Rc2 Qa4 29. Rxb2 h5 30. Rb4 Qd1 31. Re4 Qa1 32. Ne5 a5 33. Qxb5 a4 34. Rxa4 Qd1 35. Re4 Kg7 36.
Qd3 Qa1 37. Rd4 Qa8+ 38. Qf3 Qa1 39. Rd7 Kg8 40. Qb7 Qd1 41. Rxd1 1-0

[Event "*** Titled Tuesday Blitz"]
[Site "Chess.com"]
[Date "2020.05.05"]
[Round "2"]
[White "SummertimeFun"]
[Black "Shuvalov"]
[Result "0-1"]
[WhiteElo "2197"]
[BlackElo "2440"]
[TimeControl "180+1"]
[EndTime "10:17:13 PDT"]
[Termination "Shuvalov won by resignation"]

1. d4 d5 2. c4 c6 3. Nf3 Nf6 4. cxd5 cxd5 5. Nc3 Nc6 6. Bf4 Bf5 7. e3 e6 8. Bd3 Bxd3 9. Qxd3 Be7 10. O-O O-O 11.
a3 Rc8 12. b4 Nh5 13. Bg3 Nxg3 14. hxg3 Bd6 15. Rac1 Qe7 16. Na4 a5 17. Nc5 b6 18.
Na4 axb4 19. Nxb6 Rc7 20. axb4 Nxb4 21. Qb5 Rb7 22. Ne5 Bxe5 23. dxe5 Rfb8 24. Nc8 Qf8 25. Qc5 Nd3 26. Qxf8+ Kxf8 27. Nd6 Nxc1 28. Nxb7 Ne2+ 29. Kh2 Rxb7 30. Ra1 g5 31. Ra8+ Kg7 32. Rc8 Rb3 33. Kh3 h5 34. g4 h4 35. Rc2 Nc3 36. g3 hxg3 37. Kxg3 Ne4+ 38. Kf3 Rc3 39. Ra2 Nc5 40. Kg3 Nd3 41. f4 Nxf4 42. Kf3 Nd3 43. Rh2 Nxe5+ 44. Ke2 Rxe3+ 0-1

[Event "*** Titled Tuesday Blitz"]
[Site "Chess.com"]
[Date "2020.05.05"]
[Round "2"]
[White "heartofatiger"]
[Black "mariangie523"]
[Result "1-0"]
[WhiteElo "2371"]
[BlackElo "2039"]
[TimeControl "180+1"]
[EndTime "10:17:13 PDT"]
[Termination "heartofatiger won by resignation"]

1. d4 Nf6 2. c4 c5 3. e3 cxd4 4. exd4 d5 5. Nc3 dxc4 6. Bxc4 g6 7. Qb3 e6 8. d5 exd5 9. Nxd5 Nxd5 10. Bxd5 Qe7+ 11. Be3 Bg7 12. Nf3 O-O 13. O-O Nc6 14. Rac1 Qd7 15. Rfd1 Qf5 16. Bxc6 bxc6 17. Nd4 Bxd4 18.
Rxd4 Be6 19. Qc3 Qf6 20. b3 Rac8 21. h3 Kg7 22. Qa5 Rc7 23. Qxc7 1-0

[Event "*** Titled Tuesday Blitz"]
[Site "Chess.com"]
[Date "2020.05.05"]
[Round "2"]
[White "albi1999"]
[Black "PauloCesarCosta_sad"]
[Result "1-0"]
[WhiteElo "2605"]
[BlackElo "2178"]
[TimeControl "180+1"]
[EndTime "10:17:15 PDT"]
[Termination "albi1999 won on time"]

1. d4 d5 2. Nf3 e6 3. c4 c6 4. Bg5 Be7 5. Bxe7 Qxe7 6. Qc2 f5 7. e3 Nf6 8. Nc3 O-O 9. Bd3 Ne4 10. O-O Nd7 11. Ne2 Ndf6 12. Ne5 Bd7 13. c5 Be8 14.
f3 Ng5 15. b4 a6 16. a4 Nf7 17. Rab1 Nxe5 18. dxe5 Nd7 19. f4 Bg6 20. Nd4 Rfb8 21. Rfc1 Bf7 22. b5 axb5 23. axb5 Rc8 24. bxc6 bxc6 25. Rb7 Rab8 26. Rcb1 Rxb7 27. Rxb7 Qd8 28. Bxf5 exf5 29. e6 Bxe6 30. Nxe6 Qf6 31. Nd4 Nf8 32.
Qxf5 Qxf5 33. Nxf5 g6 34. Ne7+ 1-0

[Event "*** Titled Tuesday Blitz"]
[Site "Chess.com"]
[Date "2020.05.05"]
[Round "2"]
[White "BikingBrian"]
[Black "Harry_Rakkel"]
[Result "0-1"]
[WhiteElo "2324"]
[BlackElo "2631"]
[TimeControl "180+1"]
[EndTime "10:17:15 PDT"]
[Termination "Harry_Rakkel won by checkmate"]

1. d4 Nf6 2. Bg5 d5 3. Nd2 Nbd7 4. e3 e6 5. f4 Be7 6. Bd3 c5 7. c3 b6 8. Nh3 Bb7 9. Nf2 Qc7 10. Qf3 h6 11. Bh4 Ne4 12. Bxe7 Nxd2 13. Kxd2 Kxe7 14. Ng4 f6 15. Rhe1 h5 16. Nf2 f5 17. h4 Nf6 18.
Ke2 a5 19. Kf1 c4 20. Bc2 b5 21.
a3 Qb6 22. Qg3 Kf7 23. Nh3 Ng4 24. Ng5+ Kf6 25. Nf3 b4 26. axb4 axb4 27. Ne5 Qb5 28. Nxg4+ hxg4 29. Reb1 Rxa1 30. Rxa1 bxc3 31. bxc3 Qb2 32.
Rb1 Qxc2 33. Rxb7 Ra8 34. Kg1 Ra1+ 35. Kh2 Qd1 36. Qf2 Qh1+ 37. Kg3 Rg1 38. h5 Qh3# 0-1

[Event "*** Titled Tuesday Blitz"]
[Site "Chess.com"]
[Date "2020.05.05"]
[Round "2"]
[White "ajkom197"]
[Black "GM_LOADING"]
[Result "1-0"]
[WhiteElo "2306"]
[BlackElo "2534"]
[TimeControl "180+1"]
[EndTime "10:17:15 PDT"]
[Termination "ajkom197 won by resignation"]

1. c4 e6 2. g3 Nf6 3. Bg2 d5 4. Nf3 d4 5. O-O c5 6. b4 cxb4 7. a3 Nc6 8. d3 bxa3 9. Nbd2 e5 10. Qb3 Bd6 11. Bxa3 Qe7 12. Ng5 O-O 13. Bxd6 Qxd6 14. Rfb1 b6 15. Qb5 Bd7 16. c5 Qxc5 17. Qxc5 bxc5 18.
Rb7 Rfc8 19. Nde4 Nxe4 20. Nxe4 Rd8 21. Nxc5 Be8 22. Na6 Rac8 23. Bh3 Ra8 24. Bg2 Rd6 25. Nc7 Rc8 26. Nxe8 Rxe8 27. Ra6 1-0

[Event "*** Titled Tuesday Blitz"]
[Site "Chess.com"]
[Date "2020.05.05"]
[Round "2"]
[White "guillembaches"]
[Black "Gordima"]
[Result "0-1"]
[WhiteElo "2424"]
[BlackElo "2795"]
[TimeControl "180+1"]
[EndTime "10:17:16 PDT"]
[Termination "Gordima won by checkmate"]

1. e4 e5 2. Nf3 Nc6 3. Nc3 Nf6 4. d4 exd4 5. Nxd4 Nxe4 6. Nxe4 Qe7 7. f3 d5 8. Bb5 Bd7 9. Bxc6 bxc6 10. O-O dxe4 11.
fxe4 O-O-O 12. Qd3 Qc5 13. Be3 Qa5 14. Rxf7 Be6 15. b4 Bxb4 16. Rxg7 c5 17. a3 cxd4 18. Bg5 Rdg8 19. Rxg8+ Rxg8 20. Bf6 Bc3 21. Rb1 Rg6 22.
e5 Qd5 23. g3 Qc6 24. Qe2 d3 25. cxd3 Bd4+ 26. Kf1 Qh1# 0-1

[Event "*** Titled Tuesday Blitz"]
[Site "Chess.com"]
[Date "2020.05.05"]
[Round "2"]
[White "VojtechPlat"]
[Black "Kimster98"]
[Result "1-0"]
[WhiteElo "2795"]
[BlackElo "2527"]
[TimeControl "180+1"]
[EndTime "10:17:17 PDT"]
[Termination "VojtechPlat won by resignation"]

1. e4 e5 2. Nf3 Nf6 3. Nxe5 d6 4. Nf3 Nxe4 5. d3 Nf6 6. d4 d5 7. Bd3 Bd6 8. Qe2+ Be6 9. Ng5 Qe7 10. Nxe6 fxe6 11.
c3 c5 12. dxc5 Bxc5 13. Bg5 O-O 14. Nd2 Nc6 15. Nb3 Bd6 16. O-O-O Qf7 17. f3 Nd7 18.
Kb1 Nc5 19. Nxc5 Bxc5 20. Bc2 Be7 21. Bc1 Bf6 22. h4 Rfe8 23. g4 Rad8 24. g5 Be5 25. h5 Bf4 26. Bxh7+ Kh8 27. Bg6 Qf8 28. Bxe8 Rxe8 29. Qd3 Ne5 30. Qc2 Bxc1 31. Kxc1 Qxf3 32.
Kb1 Ng4 33. h6 gxh6 34. Rdf1 Qe4 35. Qxe4 dxe4 36. Rh4 h5 37. Rxh5+ Kg7 38. Rh4 Ne3 39. Rfh1 Kg6 40. Rxe4 Nf5 41. Rhe1 Kxg5 42. Rxe6 Rh8 43. Rg1+ Kf4 44. Rf1+ Kg4 45. Re4+ Kg5 46. Re5 Rf8 47. a4 Rf6 48. b4 Kg6 49. Kb2 b6 50. b5 Rf7 51. c4 Rf6 52. c5 bxc5 53. a5 c4 54. Rfxf5 Rxf5 55. Rxf5 Kxf5 56. b6 axb6 57. axb6 1-0

[Event "*** Titled Tuesday Blitz"]
[Site "Chess.com"]
[Date "2020.05.05"]
[Round "2"]
[White "olksuna"]
[Black "drinbet"]
[Result "1-0"]
[WhiteElo "2605"]
[BlackElo "2308"]
[TimeControl "180+1"]
[EndTime "10:17:17 PDT"]
[Termination "olksuna won by resignation"]

1. Nf3 d5 2. d4 c6 3. c4 e6 4. Nc3 f5 5. Bf4 Nf6 6. e3 Be7 7.
Bd3 O-O 8. h3 Ne4 9. Qc2 Nd7 10.
g4 Ndf6 11. gxf5 exf5 12. Ne5 Bd6 13. Rg1 Kh8 14. O-O-O Be6 15. Kb1 dxc4 16. Bxe4 Nxe4 17. Nxe4 fxe4 18. Rg3 Qe7 19. Rdg1 Rg8 20. Qxe4 Raf8 21. Rg5 Rf6 22. Ka1 g6 23. h4 Bf5 24. Qg2 b5 25. h5 b4 26. hxg6 Bxg6 27. Rh1 Qg7 28. Qh2 Bf8 29. Nxg6+ Rxg6 30. Be5 1-0

[Event "*** Titled Tuesday Blitz"]
[Site "Chess.com"]
[Date "2020.05.05"]
[Round "2"]
[White "MasterKroket"]
[Black "ferdipy"]
[Result "0-1"]
[WhiteElo "2425"]
[BlackElo "2225"]
[TimeControl "180+1"]
[EndTime "10:17:17 PDT"]
[Termination "ferdipy won on time"]

1. d4 e5 2. dxe5 d6 3. exd6 Bxd6 4. Nf3 Nc6 5. Nc3 Bg4 6. Bg5 f6 7. Bh4 Qe7 8. e3 O-O-O 9. Bd3 Nh6 10. Bg3 Ne5 11.
Qe2 Bb4 12. O-O Nhf7 13. Rfd1 Bxc3 14. bxc3 Ng5 15. Bxe5 Bxf3 16. gxf3 fxe5 17. Bf5+ Kb8 18.
Rxd8+ Rxd8 19. Rb1 Rf8 20. Be4 Nxe4 21. fxe4 Qg5+ 22. Kf1 Qh4 23. Ke1 Qxe4 24. Rb4 Qh1+ 25. Qf1 Qxh2 26. Rxb7+ Kxb7 27. Qb5+ Kc8 28. Qa6+ Kd8 29.
Qd3+ Ke8 30. Qb5+ Kf7 31. Qd5+ Kg6 32. Qe6+ Rf6 33. Qg4+ Kh6 34. f4 Qh1+ 35. Ke2 exf4 36. exf4 Qe4+ 37. Kd2 Qxf4+ 38. Qxf4+ Rxf4 0-1

[Event "*** Titled Tuesday Blitz"]
[Site "Chess.com"]
[Date "2020.05.05"]
[Round "2"]
[White "fmshawnrl123"]
[Black "awesomevishesh"]
[Result "1-0"]
[WhiteElo "2688"]
[BlackElo "2475"]
[TimeControl "180+1"]
[EndTime "10:17:18 PDT"]
[Termination "fmshawnrl123 won on time"]

1. c4 e5 2. g3 Nf6 3. Bg2 c6 4.
d4 e4 5. Nc3 d5 6. Bg5 Nbd7 7.
cxd5 cxd5 8. e3 h6 9. Bxf6 Nxf6 10. Nge2 Be6 11. O-O Qd7 12. Nf4 Bd6 13. Nxe6 fxe6 14.
Qb3 O-O 15. Rac1 Rac8 16. Bh3 Qe7 17. Rc2 Rc6 18. Rfc1 Rfc8 19. Nb5 a6 20. Rxc6 bxc6 21. Na7 Rc7 22. Nxc6 Qd7 23. Qb6 Kh7 24. Rc3 g5 25. Bf1 Kg6 26. Bxa6 h5 27. Bb5 Qc8 28. Ne7+ 1-0

[Event "*** Titled Tuesday Blitz"]
[Site "Chess.com"]
[Date "2020.05.05"]
[Round "2"]
[White "Gubajdullin"]
[Black "chito89"]
[Result "0-1"]
[WhiteElo "2525"]
[BlackElo "2793"]
[TimeControl "180+1"]
[EndTime "10:17:19 PDT"]
[Termination "chito89 won by resignation"]

1. d4 Nf6 2. Bf4 e6 3. e3 d5 4. Nd2 Bd6 5. Bxd6 Qxd6 6. f4 c5 7. c3 O-O 8. Ngf3 b6 9. Ne5 Ba6 10. Bxa6 Nxa6 11. Qf3 b5 12. a3 Nc7 13. b4 cxd4 14.
exd4 a5 15. O-O axb4 16. axb4 Ra4 17. Nb3 Rfa8 18. Na5 Ne4 19. Qd3 Rxa1 20. Rxa1 f6 21.
Nec6 Qxc6 22. Rc1 Qd6 23. g3 e5 24. fxe5 fxe5 25. Rf1 Rf8 26. dxe5 Rxf1+ 27. Qxf1 Qxe5 28. Nc6 Qf6 29. Qh3 Qxc6 30. Qc8+ Kf7 31. Qf5+ Nf6 0-1

[Event "*** Titled Tuesday Blitz"]
[Site "Chess.com"]
[Date "2020.05.05"]
[Round "2"]
[White "MFguimaraes"]
[Black "Kensei26"]
[Result "1-0"]
[WhiteElo "2409"]
[BlackElo "2161"]
[TimeControl "180+1"]
[EndTime "10:17:20 PDT"]
[Termination "MFguimaraes won by resignation"]

1. e4 d6 2. d4 Nf6 3. Nc3 g6 4. f4 Bg7 5. e5 Nfd7 6. h4 c5 7. h5 cxd4 8. h6 Bf8 9. Qxd4 Nc6 10. Qa4 dxe5 11. Bb5 Nd4 12. Be3 Nf5 13. Bf2 Nxh6 14. O-O-O Ng4 15. Nf3 Nxf2 16. Nxe5 Nxd1 17. Rxd1 Bh6 18. Nxd7 Qc7 19. Nd5 Qxd7 20. Bxd7+ Bxd7 21. Nc7+ Kf8 22. Qxd7 Bxf4+ 23. Kb1 Rb8 24. Nd5 Bd6 25. Re1 Kg7 26. Nxe7 Rbd8 27. Qxb7 Rhe8 28. a3 Bxa3 29. Nf5+ gxf5 30. Rxe8 1-0

[Event "*** Titled Tuesday Blitz"]
[Site "Chess.com"]
[Date "2020.05.05"]
[Round "2"]
[White "Berardino"]
[Black "Bodnar_Mykola"]
[Result "1-0"]
[WhiteElo "2662"]
[BlackElo "2429"]
[TimeControl "180+1"]
[EndTime "10:17:21 PDT"]
[Termination "Berardino won by resignation"]

1. e4 c5 2. Nf3 d6 3. d4 cxd4 4. Nxd4 Nf6 5. Nc3 a6 6. a3 e5 7.
Nf5 Bxf5 8. exf5 d5 9. Bg5 d4 10. Bxf6 Qxf6 11. Nd5 Qc6 12. c4 Nd7 13. Bd3 a5 14.
O-O Nf6 15. Re1 Nxd5 16. Be4 Be7 17. Bxd5 Qc7 18. Qa4+ Kf8 19. b4 g6 20. Qb5 Ra7 21.
Be4 Kg7 22. c5 axb4 23. axb4 Rha8 24. Rab1 f6 25. g3 g5 26. Qe2 Ra2 27. Qh5 Rd2 28.
h4 gxh4 29. gxh4 Raa2 30. Rb3 Rxf2 31. Rg3+ Kf8 32. Bd5 1-0

[Event "*** Titled Tuesday Blitz"]
[Site "Chess.com"]
[Date "2020.05.05"]
[Round "2"]
[White "BilguunSu"]
[Black "calin_dragomirescu"]
[Result "1-0"]
[WhiteElo "2617"]
[BlackElo "2309"]
[TimeControl "180+1"]
[EndTime "10:17:21 PDT"]
[Termination "BilguunSu won by resignation"]

1. e4 g6 2. d4 Bg7 3. Nc3 d6 4. h3 Nf6 5. g4 c5 6. Nge2 cxd4 7.
Nxd4 Nc6 8. Be3 O-O 9. Bg2 Bd7 10. g5 Ne8 11. h4 Nxd4 12. Bxd4 Bxd4 13. Qxd4 Qb6 14.
Qxb6 axb6 15. Nd5 e6 16. Nxb6 Rd8 17. O-O-O Bc6 18. h5 Nc7 19. Nc4 d5 20. Ne5 dxe4 21. Nxc6 bxc6 22. Bxe4 Nd5 23. f3 Rb8 24. Rd2 Rb6 25.
Rdh2 Rb7 26. c4 Nf4 27. hxg6 fxg6 28. Rd2 Nh5 29. b3 Rc7 30. Rd6 Ng3 31. Rhd1 Nxe4 32.
fxe4 Rf2 33. R1d2 Rf1+ 34. Rd1 Rf2 35. R6d2 Rf4 36. Rd8+ Kg7 37. R1d7+ Rxd7 38. Rxd7+ Kg8 39. a4 Rxe4 40. a5 Re2 41. Kb1 Re1+ 42. Kb2 Re2+ 43.
Ka3 Re1 44. Kb4 Ra1 45. Re7 Kf8 46. Rxe6 Kf7 47. Rxc6 h6 48. gxh6 Rh1 49. a6 Rxh6 50.
Rc8 1-0

[Event "*** Titled Tuesday Blitz"]
[Site "Chess.com"]
[Date "2020.05.05"]
[Round "2"]
[White "Lunow"]
[Black "Jbd735"]
[Result "1/2-1/2"]
[WhiteElo "2204"]
[BlackElo "2431"]
[TimeControl "180+1"]
[EndTime "10:17:21 PDT"]
[Termination "Game drawn by repetition"]

1. c4 c6 2. g3 d5 3. Nf3 Nf6 4. Bg2 Bf5 5. Qb3 Qb6 6. d3 Nbd7 7. Be3 Qxb3 8. axb3 a6 9. Nc3 e6 10. Nh4 Bg4 11.
h3 Bh5 12. g4 Bg6 13. f4 Bc5 14. Bxc5 Nxc5 15. b4 Nb3 16. Ra3 Nd4 17. Kd2 dxc4 18. dxc4 O-O-O 19. Kc1 c5 20. b5 axb5 21. cxb5 c4 22.
Nxg6 hxg6 23. Ra4 Nb3+ 24. Kb1 Kb8 25. b6 Rd6 26. Rd1 Rhd8 27. Kc2 Rd2+ 28. Rxd2 Rxd2+ 29. Kb1 Rd6 30. Kc2 Rd2+ 31. Kb1 Rd6 32. Kc2 Rd2+ 1/2-1/2

[Event "*** Titled Tuesday Blitz"]
[Site "Chess.com"]
[Date "2020.05.05"]
[Round "2"]
[White "Azeryahu"]
[Black "IMRosen"]
[Result "1-0"]
[WhiteElo "2894"]
[BlackElo "2563"]
[TimeControl "180+1"]
[EndTime "10:17:22 PDT"]
[Termination "Azeryahu won by resignation"]

1. e4 c5 2. Nc3 e6 3. Nge2 Nc6 4.
d3 a6 5. g4 b5 6. Bg2 Bb7 7. O-O b4 8. Na4 d6 9. f4 Nf6 10. Ng3 Be7 11. Be3 Nd7 12. g5 Qc7 13. c3 a5 14. a3 bxc3 15. bxc3 O-O 16. h4 Rfe8 17. h5 Nf8 18. d4 cxd4 19. cxd4 Ba6 20.
Rf2 e5 21. Nf5 Nxd4 22. Bxd4 exd4 23. h6 g6 24. Nxe7+ Rxe7 25. Qxd4 Ne6 26. Qf6 Qc4 27. f5 Rae8 28. fxe6 fxe6 29. Raf1 Qc8 30. Nb6 Qd8 31. Rb1 Bf1 32. Rfxf1 e5 33. Nd5 Rd7 34. Qxd8 Rexd8 35. Nf6+ Kh8 36. Nxd7 a4 1-0

[Event "*** Titled Tuesday Blitz"]
[Site "Chess.com"]
[Date "2020.05.05"]
[Round "2"]
[White "Jeffinho023"]
[Black "Susal_De_Silva"]
[Result "1-0"]
[WhiteElo "2460"]
[BlackElo "2230"]
[TimeControl "180+1"]
[EndTime "10:17:22 PDT"]
[Termination "Jeffinho023 won by resignation"]

1. d4 Nf6 2. Nf3 e6 3. Bf4 d5 4.
e3 Bd6 5. Bg3 O-O 6. Bd3 c5 7.
c3 b6 8. Nbd2 Bb7 9. Qe2 Nc6 10.
Rd1 Ne7 11. e4 dxe4 12. Nxe4 Nxe4 13. Bxe4 Bxe4 14. Qxe4 c4 15. Bxd6 Qxd6 16. Ne5 Qd5 17.
Qxd5 exd5 18. Kd2 f6 19. Nf3 Nf5 20. g4 Nd6 21. Rde1 Rfe8 22. Re3 Ne4+ 23. Ke2 Re7 24.
Re1 Rae8 25. Kf1 Kf8 26. h3 b5 27. Kg2 a5 28. a3 b4 29. axb4 axb4 30. cxb4 Rb7 31. b3 Rxb4 32. bxc4 Rxc4 33. R1e2 Rec8 34. Rxe4 dxe4 35. Rxe4 Re8 36. Rf4 Re2 37. g5 Rc6 38. Ne5 Rd6 39. gxf6 gxf6 40. Ng4 Kg7 41. Ne3 Rd2 42.
Nf5+ Kg6 43. Nxd6 1-0